 Dungeon Crawl Stone Soup version 0.28-a0-1382-g92835e5c71 (webtiles) character file.

Game seed: 3551840351657872245

499 bande the Chopper (level 7, -6/44 HPs)
             Began as a Gargoyle Fighter on Jan 2, 2022.
             Mangled by a wyvern (11 damage)
             ... on level 4 of the Dungeon.
             The game lasted 00:07:12 (4396 turns).

bande the Chopper (Gargoyle Fighter)                Turns: 4396, Time: 00:07:13

Health: -6/44      AC: 15    Str: 19    XL:     7   Next: 16%
Magic:  7/7        EV:  7    Int: 15    God:
Gold:   123        SH:  4    Dex: 11    Spells: 6/6 levels left

rFire   . . .      SeeInvis .   a - +0 war axe
rCold   . . .      Faith    .   c - +0 buckler
rNeg    + . .      Spirit   .   n - +0 chain mail
rPois   ∞          Reflect  .   g - +0 helmet
rElec   +          Harm     .   (no cloak)
rCorr   .          Rampage  .   (no gloves)
Will    .....                   (no boots)
Stlth   ..........              (no amulet)
HPRegen 0.14/turn               l - +6 ring of intelligence
MPRegen 0.10/turn               (no ring)

@: no status effects
A: sickness immunity, AC +4, negative energy resistance 1, electricity
resistance, torment resistance 1, petrification resistance
a: no special abilities


You were on level 4 of the Dungeon.
You visited 1 branch of the dungeon, and saw 4 of its levels.

You collected 123 gold pieces.

Inventory:

Hand Weapons
 a - a +0 war axe (weapon)
 m - a +1 mace of holy wrath
Armour
 c - a +0 buckler (worn)
 g - a +0 helmet (worn)
 n - a +0 chain mail (worn)
Jewellery
 l - a +6 ring of intelligence (left hand)
Potions
 d - 3 potions of flight
 e - 2 potions of curing
 f - 2 potions of heal wounds {unknown}
 h - a potion of lignification {unknown}
 i - a potion of resistance {unknown}
 j - 2 potions of mutation {unknown}
 k - a potion of might


   Skills:
 + Level 4.5 Fighting
 + Level 5.0 Axes
 + Level 5.0 Armour
 - Level 0.2 Dodging
 + Level 4.1 Shields


You had 6 spell levels left.
You didn't know any spells.
Your spell library contained the following spells:

 Spells                   Type           Power      Damage    Failure   Level
 Sandblast                Erth           0%         2d4       95%         1
 Summon Small Mammal      Summ           0%         N/A       95%         1
 Passwall                 Tmut/Erth      0%         N/A       99%         2
 Call Canine Familiar     Summ           0%         N/A       100%        3
 Stone Arrow              Conj/Erth      0%         3d7       100%        3
 Summon Guardian Golem    Hex/Summ       0%         N/A       100%        3


Dungeon Overview and Level Annotations

Branches:
Dungeon (4/15)
 Temple: D:4-7

Altars:
Dithmenos


Innate Abilities, Weirdness & Mutations

You are immune to sickness and miasma.
Your stone body is resilient. (AC +4)
You are immune to poison.
You resist negative energy. (rN+)
You are resistant to electric shocks. (rElec)
You are resistant to unholy torment.
You are immune to petrification.


Message History

The wyvern is lightly wounded.
You hit the hobgoblin. The wyvern bites you! The hobgoblin barely misses you.
You block the wyvern's attack. The hobgoblin closely misses you.
You hit the hobgoblin.
The hobgoblin is severely wounded.
You slash the wyvern! You block the wyvern's attack.
The wyvern barely misses you. The hobgoblin closely misses you.
You closely miss the hobgoblin.
The hobgoblin is severely wounded.
You hit the wyvern. The wyvern bites you!
The hobgoblin hits you but does no damage.
The wyvern bites you!
You are too injured to fight recklessly!
You are too injured to fight recklessly!
You are too injured to fight recklessly!
You are too injured to fight recklessly!
You are too injured to fight recklessly!
You are too injured to fight recklessly!
You are too injured to fight recklessly!
You are too injured to fight recklessly!
Unknown command.
You block the wyvern's attack.
You feel better.
The hound pauses to sniff the ground.
The wyvern bites you but does no damage.
You closely miss the wyvern.
The wyvern is severely wounded.
You hit the hobgoblin.
You kill the hobgoblin!
The wyvern bites you! The wyvern completely misses you.
You block the hound's attack.
Unknown command.
You closely miss the wyvern.
The wyvern is severely wounded.
You barely miss the hound. The wyvern bites you!
* * * LOW HITPOINT WARNING * * *
The hound bites you.
* * * LOW HITPOINT WARNING * * *
The wyvern bites you!
You die...

#.# #.# # #.# #.#
####### #.# (...... #.#
####### #.# #.) #.# #.#
#.# ######### #.# #.#
#.#..h#.#.# #.#
##.###### #...l@#.##
#.# ##......#
#..#.#..#.# ##.#
#######.##. #.##..####
#..# # ##..#. ..
##..#.. #.## # #...#.#
..( ##.#.# #.#
#####.###..##.. ##..#.#
#.#
........##..##.##..##.#
#.# .####.###
#..###..#.#)# #.# ##
#.#
#..#.†#.##.########.#


You could see a wyvern and a hound.

Vanquished Creatures
  Sigmund (D:2)
  An ogre (D:4)
  A centaur skeleton (D:4)
  An orc priest (D:4)
  2 iguanas (D:4)
  Robin (D:2)
  6 adders
  A worm (D:3)
  4 orcs
  8 ball pythons
  3 endoplasms
  4 giant cockroaches
  16 goblins
  13 hobgoblins
  A quokka (D:4)
  4 bats
  4 frilled lizards
  4 kobolds
  6 rats
81 creatures vanquished.

Vanquished Creatures (others)
  A plant (D:1)
1 creature vanquished.

Grand Total: 82 creatures vanquished

Notes
Turn   | Place    | Note
-------+----------+-------------------------------------------
     0 | D:1      | bande the Gargoyle Fighter began the quest for the Orb.
     0 | D:1      | Reached XP level 1. HP: 14/14 MP: 1/1
    90 | D:1      | Reached XP level 2. HP: 14/19 MP: 2/2
   316 | D:1      | Found a faded altar of an unknown god.
   624 | D:1      | Reached XP level 3. HP: 20/23 MP: 3/3
  1105 | D:2      | Noticed Robin
  1226 | D:2      | Killed Robin
  1263 | D:2      | Reached XP level 4. HP: 29/29 MP: 4/4
  1345 | D:2      | Noticed Sigmund
  1356 | D:2      | Killed Sigmund
  1357 | D:2      | Reached XP level 5. HP: 24/33 MP: 5/5
  1587 | D:2      | Reached XP level 6. HP: 23/38 MP: 6/6
  2797 | D:3      | Identified the +0 leather armour "Guery" {Int+6}
  3345 | D:4      | Found a shadowy altar of Dithmenos.
  4133 | D:4      | Reached XP level 7. HP: 29/44 MP: 7/7
  4359 | D:4      | Reached skill level 5 in Axes
  4359 | D:4      | Reached skill level 5 in Armour
  4387 | D:4      | Noticed a wyvern
  4396 | D:4      | Mangled by a wyvern

Illustrated notes

Levels and vault maps discovered:
D:1:      dpeg_arrival_arbitrary_c, layout_loops_ring,
          shapermc_ecumenical_altar_gd
D:2:      layout_basic, uniq_robin, uniq_sigmund
D:3:      layout_basic, minmay_increasing_density
D:4:      minmay_diamond_boxcup, layout_loops_ring, grunt_dithmenos_smoke

Skill      XL: |  1  2  3  4  5  6  7 |
---------------+----------------------+-----
Axes           | 2 3 4 5 |  5.0
Fighting       | 4 |  4.5
Armour         | 4 5 |  5.0
Shields        | 4 |  4.1
Dodging        | |  0.2

Action                   |  1- 3 |  4- 6 |  7- 9 || total
-------------------------+-------+-------+-------++-------
Melee: War axe           |    99 |   127 |    23 ||   249
  Use: Scroll            |     1 |     5 |       ||     6
       Potion            |       |     1 |     1 ||     2
Armor: Scale mail        |    62 |    56 |       ||   118
       Chain mail        |       |       |    11 ||    11
Dodge: Dodged            |    47 |    69 |    10 ||   126
Block: Buckler           |    27 |    26 |     6 ||    59

Table legend: (Time is in decaauts)
 A = Elapsed time spent in this place.
 B = Non-inter-level travel time spent in this place.
 C = Inter-level travel time spent in this place.
 D = Time resting spent in this place.
 E = Time spent auto-exploring this place.
 F = Levels seen in this place.
 G = Mean time per level.
                   A        B        C        D        E       F      G
               +--------+--------+--------+--------+--------+-----+--------+
         Total |   4482 |   4458 |     24 |    437 |   3231 |   4 | 1120.5 |
       Dungeon |   4482 |   4458 |     24 |    437 |   3231 |   4 | 1120.5 |
               +--------+--------+--------+--------+--------+-----+--------+

Top non-repeatable levels by time:
     D:2: 1216 daAuts
     D:1: 1212 daAuts
     D:4: 1074 daAuts
     D:3: 978 daAuts
